[Event "WA State Kindergarten Championship"]
[Site "Chess.com"]
[Date "2021.05.01"]
[Round "?"]
[White "Bharadwaj, Samarth"]
[Black "Fox, Nolan"]
[Result "1-0"]
[ECO "C29"]
[WhiteElo "1228"]
[BlackElo "518"]
[Annotator "James Stripes"]
[PlyCount "35"]
[EventDate "2021.??.??"]
[TimeControl "1500+5"]

1. e4 e5 2. Nc3 Nf6 3. f4 exf4 (3... d5) 4. e5 Ng8 5. Nf3 Ne7 6. d4 {White's
already has a winning advantage} Nf5 7. Bxf4 Be7 8. Bc4 O-O 9. O-O d6 10. Rf2
dxe5 11. Nxe5 Nh6 12. Bxh6 gxh6 13. Nxf7 Qd7 14. Ne5+ Kg7 15. Nxd7 Rxf2 16.
Kxf2 Nxd7 17. Qg4+ Kf8 18. Qg8# 1-0

[Event "WA State Grade 1 Championship"]
[Site "Chess.com"]
[Date "2021.05.01"]
[Round "?"]
[White "Merriman, Dann"]
[Black "Dong, Tristan"]
[Result "1-0"]
[ECO "D43"]
[WhiteElo "1570"]
[BlackElo "1127"]
[Annotator "James Stripes"]
[PlyCount "65"]
[EventDate "2021.??.??"]
[TimeControl "1500+5"]

1. d4 d5 2. c4 c6 3. Nf3 Nf6 4. Nc3 e6 5. Bg5 Bb4 6. e3 h6 7. Bh4 Nbd7 8. Bd3
b6 {There is something about this position that reminds me of the Capablanca
-- Lasker world championship games a century ago.} 9. Qa4 Bxc3+ 10. bxc3 Bb7
11. Ne5 c5 12. cxd5 Bxd5 13. Bb5 Qc7 14. Bxf6 gxf6 15. Nxd7 Ke7 16. Qa6 Bc6 17.
Nxc5 Bxb5 18. Qxb5 bxc5 19. O-O cxd4 20. cxd4 {Getting the minor pieces off
the board leaves White with more and better pawns.} Rac8 21. h3 Rhg8 22. Rac1
Qd6 (22... Qxc1 23. Qb4+ Kd7 24. Rxc1 Rxc1+ 25. Kh2 Rgc8 {could be an
interesting ending}) 23. Qb7+ Qd7 24. Qb4+ Qd6 25. Qa4 Qd7 26. Qa3+ Ke8 27.
Rxc8+ Qxc8 28. Rc1 Qb7 29. g3 h5 30. Qd6 h4 31. g4 f5 32. Rc7 Qa8 33. Qe7# 1-0

[Event "WA State Grade 3 Championship"]
[Site "Chess.com"]
[Date "2021.05.01"]
[Round "?"]
[White "Jammalamadaka, Vihaan"]
[Black "Wu, Derek"]
[Result "1-0"]
[ECO "E91"]
[WhiteElo "1755"]
[BlackElo "1330"]
[Annotator "James Stripes"]
[PlyCount "79"]
[EventDate "2021.??.??"]
[TimeControl "1500+5"]

1. d4 Nf6 2. c4 g6 3. Nc3 Bg7 4. e4 d6 5. Nf3 O-O 6. Be2 Bg4 7. O-O Bxf3 8.
Bxf3 Nbd7 9. Bf4 e5 10. dxe5 dxe5 11. Be3 Nb6 12. Qe2 Ne8 13. Rad1 Qe7 14. c5
Nd7 15. Nd5 Qd8 {Players of the King's Indian Defense don't like to see White
having such control of the center. Maybe we should look at choices made on
moves 6 and 7. Maybe problems began later.} 16. Rd2 c6 17. Nc3 Qe7 18. b4 b6
19. b5 cxb5 20. Nd5 Qd8 21. c6 Nb8 22. Qxb5 f5 23. Nxb6 {ouch!} Qc7 24. Nxa8
Qxc6 {The rest is a mop up operation with a nice checkmate at the end.} 25.
Qxc6 Nxc6 26. exf5 Ne7 27. fxg6 Nxg6 28. Rd8 Bf6 29. Rb8 Be7 30. Bh6 Bd6 31.
Rc8 Ne7 32. Rd8 Nf5 33. Bd5+ Kh8 34. Bxf8 Bxf8 35. Rxe8 Kg7 36. Rb1 Bd6 37.
Rb7+ Kf6 38. Rf7+ Kg5 39. Rg8+ Kf4 40. g3# 1-0

[Event "WA State Grade 9-12 Championship"]
[Site "Chess.com"]
[Date "2021.05.01"]
[Round "?"]
[White "Peng, Brandon"]
[Black "Pendharkar, Gaurang"]
[Result "1/2-1/2"]
[ECO "D32"]
[WhiteElo "1819"]
[BlackElo "1761"]
[Annotator "James Stripes"]
[PlyCount "113"]
[EventDate "2021.??.??"]
[TimeControl "1500+5"]

1. d4 d5 2. c4 e6 3. Nc3 c5 4. cxd5 exd5 5. dxc5 d4 6. Ne4 Bf5 7. Ng3 Bg6 8.
Nf3 Bxc5 9. Ne5 Qb6 10. Nxg6 hxg6 {Black seems better here.} 11. Ne4 Nf6 12.
Nxc5 Qxc5 13. e3 Nc6 14. Bd2 dxe3 (14... Rd8 {bringing the rooks into play
should secure the advantage.}) 15. Bxe3 Qe5 16. Qb3 Qa5+ 17. Bd2 Qe5+ 18. Qe3
Qxe3+ 19. Bxe3 {Point count chess says equal, but there is a minor piece
imbalance.} Nd5 20. Bb5 O-O-O 21. Bxc6 bxc6 22. O-O Nxe3 23. fxe3 {And the
minor pieces are gone. What would Capablanca play? Would Carlsen play the
same? Both world champions have won their share of technically drawn rook
endings.} f6 24. Rac1 Kc7 25. Rc2 Rd3 26. Rfc1 Rd6 27. h3 Re8 28. Kf2 Re4 29.
Kf3 Ra4 30. a3 Ra5 31. Rc4 Rf5+ 32. Ke2 Rg5 33. g4 Re5 34. b4 Rde6 35. R1c3 Kb6
36. Kf3 g5 37. Rd4 Kc7 38. Rcd3 Re7 39. a4 R5e6 40. Rc3 Kb6 41. Rdc4 Rc7 42.
Rc5 (42. b5 c5) 42... Rce7 43. R5c4 Rc7 44. Rd4 Rce7 45. Rcd3 Kc7 46. a5 Re5
47. Rc4 Kb7 48. Rdc3 R5e6 49. Rc5 Re8 50. b5 cxb5 51. Rxb5+ Ka6 52. Rd5 R8e7
53. Rdc5 Rd6 54. Rc7 Rdd7 55. R7c5 Rd6 56. Rf5 Rde6 57. Rd5 {Game drawn by
agreement} 1/2-1/2

[Event "WA State MS Open Championship"]
[Site "Chess.com"]
[Date "2021.05.01"]
[Round "?"]
[White "Huang, Lucas"]
[Black "Xuan, Owen"]
[Result "0-1"]
[ECO "B73"]
[WhiteElo "1468"]
[BlackElo "1875"]
[Annotator "James Stripes"]
[PlyCount "106"]
[EventDate "2021.??.??"]
[TimeControl "2700+5"]

1. e4 c5 2. Nf3 d6 3. d4 cxd4 4. Nxd4 Nf6 5. Nc3 g6 6. Be3 Bg7 7. Qd2 O-O 8.
Be2 (8. f3) 8... Nc6 9. O-O (9. O-O-O) 9... Ng4 10. Nxc6 bxc6 11. Bxg4 Bxg4 12.
Bh6 Qb6 13. Bxg7 Kxg7 14. Rab1 Be6 15. Rfe1 Rfd8 16. Na4 Qc7 17. b3 Rab8 18.
Qc3+ Kg8 19. Rbd1 c5 20. h3 Rdc8 21. e5 d5 {Watch these pawns} 22. Qg3 c4 23.
Rc1 d4 24. Qf4 Rd8 25. Red1 Rbc8 26. Nb2 Qb6 27. Na4 Qc6 28. Qh4 Qc7 29. f4 c3
30. Rd3 {A mistake} Bf5 31. Rdd1 {Now the pawns have proven their worth} d3 32.
cxd3 c2 33. Rd2 Rxd3 34. Rxd3 Bxd3 35. Qg3 Bf5 36. Qe3 h5 37. Qf3 Kg7 38. Kh2
Qc6 39. Qe2 Qe4 40. Qf2 Rd8 41. Nc3 Qd3 42. Qe1 Rd4 43. a3 Rxf4 44. Qg3 Qxg3+
45. Kxg3 Rd4 46. Na2 Rd3+ 47. Kf2 Rxb3 48. Ke2 Rxa3 49. Nb4 Rc3 50. Kd2 Rc4 51.
Nxc2 {Now Black can exchange into a simple pawn ending} Rxc2+ 52. Rxc2 Bxc2 53.
Kxc2 f6 0-1

[Event "Washington Senior Championship"]
[Site "Chess.com"]
[Date "2021.04.18"]
[Round "5"]
[White "Perez, Ignacio"]
[Black "Lavoice, Richard"]
[Result "1-0"]
[ECO "C19"]
[WhiteElo "2229"]
[BlackElo "1911"]
[Annotator "Ralph Dubisch"]
[PlyCount "101"]
[EventDate "2021.??.??"]
[TimeControl "5400+30"]

1. d4 e6 2. e4 d5 3. Nc3 Bb4 4. e5 c5 5. a3 Bxc3+ 6. bxc3 Ne7 7. Nf3 (7. Qg4
Qc7 8. Qxg7 Rg8 9. Qxh7 cxd4 10. Ne2 Nbc6 11. f4 Bd7 12. Qd3 dxc3 {is a
well-traveled path, certainly known to both players.}) 7... Qa5 8. Bd3 (8. Bd2
{is the main move here, with play often going} Nbc6 9. Be2 (9. a4) 9... Bd7 (
9... cxd4 10. cxd4 Qa4 11. Rb1 Nxd4 12. Bd3 {seems sufficient compensation for
the pawn.}) 10. O-O c4 $13) 8... cxd4 9. O-O dxc3 10. Re1 Bd7 11. Rb1 Qc7 12.
h4 (12. Be3) 12... Nbc6 13. h5 h6 14. Rb3 Na5 15. Rb4 O-O-O 16. a4 f6 (16...
Nc4 $1 17. Bxc4 a5 $1 $15) 17. Rg4 fxe5 $2 (17... Nec6) 18. Nxe5 Rhg8 19. Bf4
Qb6 20. Be3 Qc7 21. Bf4 Qb6 22. Bg3 Be8 23. Rf4 g6 24. hxg6 Bxg6 25. Bh4 $2 (
25. Nxg6 Nxg6 26. Rf7 {seems quite straightforward, and very much in Ignacio's
style, so I'm not sure what problem he may have seen here.} Rd7 (26... Ne7 27.
Qf3 Rde8 28. Rf6) (26... Nf8 27. Rc7+ Qxc7 28. Bxc7 Kxc7 29. Qh5) 27. Qf3 Ne7
28. Bb5 Nac6 29. Rxe6 $18) 25... Rde8 26. Rf6 $6 (26. Bb5 Nac6 27. Rf6 $14)
26... Bxd3 27. Qxd3 Nf5 28. Qxc3+ Qc7 29. Qxc7+ Kxc7 30. Rf7+ Kc8 31. Bf6 $6 ({
White chooses to maintain the bishop, though there are also chances to target
the e6 and h6 pawns if White allows the exchange on h4.} 31. Nf3 Nc6 (31... Nc4
32. Rf6) 32. g3 Nxh4 (32... a5 33. Rf6 Kd7 $15) 33. Nxh4 Nd8 34. Rf6 $13) 31...
Nd6 $6 (31... Ref8 $17) 32. Rh7 Nf5 $6 (32... Ne4 33. Rxh6 Ref8 34. Bh4 Rh8 35.
Be7 Rxh6 36. Bxf8 $14) 33. Kh2 Ref8 34. Nf7 (34. Nd7 $1 Re8 35. Bc3 Re7 (35...
Nc6 36. Nf6 Rh8 37. Rxe6 $1) 36. Rxe7 Nxe7 37. Nf6 Rg6 38. Rxe6 $16) 34... Rg6
35. Rxe6 Kd7 $2 ({The position is quite complex, but Black doesn't actually
stand worse. He should bring his wayward piece, the knight on a5, back into
the game on c6 or c4.} 35... Nc6 36. c3 d4 37. cxd4 Ncxd4 38. Rd6 Nc6 {, when
White has nothing better than the repetition.} ({Not} 38... Nxd6 39. Nxd6+ Kb8
40. Bxd4 {, though, when White is winning.})) 36. Nd8+ $1 Kc8 37. Bc3 ({Or} 37.
Be5 $1 Rxe6 $4 (37... Rfg8 38. Rxg6 Rxg6 39. Nxb7 $1 Nxb7 40. Rc7+ Kb8 $5 (
40... Kd8 41. Rxb7 {leaves Black with a very steep hill to climb.}) 41. Rg7+
Rd6 42. Rf7 $1 Kc8 43. Rxf5 Re6 {is actually comfortably winning for White,
too.}) 38. Nxe6) 37... Rxd8 $2 (37... Rfg8 38. Rxg6 Rxg6 39. Bxa5 b6 {is
likely just winning for White as well, but Black can put up some resistance.})
38. Rxg6 Nc6 39. g4 d4 40. Bd2 Ne5 41. gxf5 Nf3+ 42. Kg2 Nxd2 43. Rgg7 Rf8 44.
Rc7+ Kb8 45. Rxb7+ Ka8 46. Rxa7+ Kb8 47. Rhb7+ Kc8 48. Ra8+ ({More or less
instantly mating is} 48. a5 Z0 49. a6 Z0 50. Ra8# {, with some dodging of
spite checks along the way.}) 48... Kxb7 49. Rxf8 Ne4 50. f6 Kc7 51. f7 1-0

[Event "Washington Senior Championship"]
[Site "Chess.com"]
[Date "2021.04.16"]
[Round "1"]
[White "Perez, Ignacio"]
[Black "Kuhner, Mary"]
[Result "0-1"]
[ECO "A83"]
[WhiteElo "2229"]
[BlackElo "1878"]
[Annotator "Ralph Dubisch"]
[PlyCount "64"]
[EventDate "2021.??.??"]
[TimeControl "5400+30"]

1. d4 e6 2. Nf3 f5 3. Bg5 Nf6 4. Nbd2 Be7 5. Bxf6 Bxf6 6. e4
fxe4 (6... d5 7. exf5 exf5 8. Bd3 O-O 9. O-O) (6... d6) 7. Nxe4 O-O {Black
waves the red cape in front of the bull. Presumably Mary was aware of the
risks.} 8. Bd3 Nc6 9. h4 ({The solid} 9. c3 {is certainly an option. Black's
kingside remains a juicy target even without sacrificing the center pawn.})
9... Nxd4 10. Nfg5 $5 g6 11. Nxh7 $5 Kxh7 12. Qg4 $2 ({This amounts to a loss
of tempo in some important lines. We don't know that the queen belongs on g4
-- perhaps it wants to swing to h5 in one move after the h-pawn is cleared
away -- so it's important to be incisive here.} 12. h5 $1 {is the logical
follow-up. Black may have a defense; this may even all be advance prep. But
White has chosen the path, and only walking it offers the chance to succeed.}
Kg7 (12... Nf5 $4 13. hxg6+ Kg7 (13... Kg8 14. Qh5 Qe7 15. Nxf6+) 14. Rh7+ Kg8
15. Qh5 {illustrates my previous point.}) 13. Qg4 (13. hxg6 Rh8 $1 14. Rxh8 (
14. Rh7+ Rxh7 15. gxh7 {, and here} Be7 $3 {is the surprising key to the
defense, getting the bishop out of hock:} 16. Qh5 d6 17. O-O-O Kh8 {, and
while White will certainly play on, he'll be attacking a king well-covered by
White's own pawn, and dealing with an extra black piece.}) 14... Qxh8 15. Nxf6
Kxf6 16. Qg4 Qh1+ 17. Bf1 Nf5 {is still lacking a knock-out.} (17... Nxc2+ 18.
Kd2 Nxa1 (18... Qh6+ 19. Kxc2 Qxg6+ 20. Qxg6+ Kxg6 21. Bd3+ $13) 19. Qf4+ Kxg6
20. Bd3+ Kg7 21. Qg5+ Kf8 $1 22. Qf6+ Kg8 {and White must take the perpetual,
not being able to bring sufficient force to mate.})) 13... g5 14. f4 Kh6 15.
fxg5+ Bxg5 16. Nxg5 Qxg5 17. Qxd4 d5 {looks like something of a defensive
success, with both kings feeling a mite drafty.}) 12... Nf5 $1 13. f4 ({After} 
13. h5 g5 14. f4 {even} gxf4 {is possible.}) 13... Nh6 14. Ng5+ Kg8 15. Qg3 Nf5
$6 (15... Bxb2 16. Rb1 Qf6 $19) 16. Qh3 $2 (16. Bxf5 $1 exf5 (16... Bxb2 17.
Rb1 Rxf5 18. Rxb2 Qf6 {is messy.}) 17. O-O-O {and White is developing
compensation.}) 16... Qe7 17. O-O-O {Now it's Black's initiative that matters,
and she never looks back.} Qb4 18. Rdf1 Bxb2+ 19. Kd1 Qd4 20. Rf3 b6 21. h5 Bb7
22. hxg6 Bxf3+ 23. gxf3 Qg7 24. Nf7 Qxg6 25. Bxf5 exf5 26. Nh6+ Kg7 27. Rh2
Qg1+ 28. Kd2 Qd4+ 29. Ke1 Rae8+ 30. Kf1 Qd1+ 31. Kg2 Re2+ 32. Kg3 Qg1+ ({
Perhaps picky to point out, but} 32... Qe1+ {is mate next move.}) 0-1